cohdb
Replays
Latest Replays
All Replays
Popular Replays
Top Player Replays
Match Explorer
How It Works
Community
CoH3 Stats
Reddit
Sign in to upload your games and track your stats! →
Sign in with Steam
Match 47482827
Unlisted
Match 47482827
Overview
Messages
Build Orders
End
Selects Airborne Battlegroup
Selects Pathfinders
Pathfinder Squad
Construct Weapon Support Center
M1919 Machine Gun Team
M1919 Machine Gun Team
Construct Medical Station
Infantry Support Center
Selects Smoke Bombing Run
Engineer Squad
M3 Armored Personnel Carrier
Selects Paradrop Reinforcements
Bazooka Squad
Engineer Squad
Construct Tank Depot
Selects Paratrooper Squad Paradrop
Selects Anti-tank Gun Team Paradrop
Anti-tank Gun Team Paradrop
Paradrop Reinforcements
Smoke Bombing Run
M4A1 Sherman Medium Tank
Paratrooper Squad Paradrop
DarkBlaze
Kraiter
遍地英雄下夕烟·之·无敌腾哥666
⎛⎝⎛¥⏝¥⎞⎠⎞帅
Alzero
EJRCN
MAX
Unsafe
0
0
Comments
sign in to comment!
No comments posted yet!